 Dungeon Crawl Stone Soup version 0.29-a0-334-gb41bcbb86e (webtiles) character file.

Game seed: 14785969408489671762

16 sokol815 the Shield-Bearer (level 2, -1/24 HPs)
             Began as a Human Fighter on Apr 14, 2022.
             Frozen to death by an endoplasm (4 damage)
             ... on level 1 of the Dungeon.
             The game lasted 00:00:49 (423 turns).

sokol815 the Shield-Bearer (Human Fighter)           Turns: 423, Time: 00:00:50

Health: -1/24      AC:  6    Str: 16    XL:     2   Next: 75%
Magic:  2/2        EV:  8    Int:  8    God:
Gold:   43         SH:  4    Dex: 12    Spells: 1/1 levels left

rFire   . . .      SeeInvis .   a - +0 long sword
rCold   . . .      Faith    .   c - +0 buckler
rNeg    . . .      Spirit   .   b - +0 scale mail
rPois   .          Reflect  .   (no helmet)
rElec   .          Harm     .   (no cloak)
rCorr   .          Rampage  .   (no gloves)
Will    .....                   (no boots)
Stlth   ..........              (no amulet)
HPRegen 0.08/turn               (no ring)
MPRegen 0.08/turn               (no ring)

@: no status effects
A: no striking features
a: no special abilities


You were on level 1 of the Dungeon.
You visited 1 branch of the dungeon, and saw 1 of its levels.

You collected 43 gold pieces.

Inventory:

Hand Weapons
 a - a +0 long sword (weapon)
Missiles
 s - 15 stones
Armour
 b - a +0 scale mail (worn)
 c - a +0 buckler (worn)
Scrolls
 d - a scroll of enchant armour {unknown}
 e - a scroll of immolation {unknown}
 g - 2 scrolls of magic mapping {unknown}
Potions
 f - a potion of curing {unknown}
 M - a potion of might


   Skills:
 - Level 3.0 Fighting
 * Level 2.8 Long Blades
 - Level 3.0 Armour
 + Level 3.2 Shields


You had one spell level left.
You didn't know any spells.
Your spell library was empty.

Dungeon Overview and Level Annotations

Branches:
Dungeon (1/15)

Altars:


Message History

You take 1 damage, and have 13/24 hp.
The kobold attacks as you move away! The kobold barely misses you.
The kobold attacks as you move away! The kobold barely misses you.
The kobold attacks as you move away! The kobold barely misses you.
The quokka barely misses you.
You see here a jackal corpse.
Things that are here:
a +0 club; a goblin corpse; a hobgoblin corpse The quokka attacks as you move away!
The quokka barely misses you.
You are too injured to fight recklessly!
You are too injured to fight recklessly!
You are too injured to fight recklessly!
You slash the quokka!
You kill the quokka!
You completely miss the kobold. The kobold hits you but does no damage.
You hit the kobold.
You kill the kobold!
The goblin closely misses you.
You slash the goblin!
You kill the goblin!
Items here: ))) ††††.
Items here: ))) ††††.
Okay, then.
You see here a jackal corpse.
s - 16 stones (quivered)
You see here a +0 dagger.
Health restored: 24 You now have 43 gold pieces (gained 11).
f - a silvery potion
g - 2 scrolls labelled TUILOU QUGEO An endoplasm comes into view.
The endoplasm quivers.
You throw a stone. The stone barely misses the endoplasm.
No target in view!
No target in view!
No target in view!
Clearing quiver.
A quokka comes into view.
No target in view!
No target in view!
No target in view!
A kobold comes into view. It is wielding a +0 dagger.
The kobold shouts!
The quokka bites you.
You take 1 damage, and have 23/24 hp.
You miss the quokka. The quokka closely misses you.
Health restored: 24 You closely miss the quokka.
The quokka bites you but does no damage. x2
You closely miss the quokka. You block the quokka's attack.
The endoplasm freezes you.
You are frozen.
The quokka bites you but does no damage.
You take 4 damage, and have 20/24 hp.
You closely miss the quokka.
The endoplasm hits you but does no damage.
The quokka bites you.
You take 2 damage, and have 18/24 hp.
You miss the quokka. The quokka bites you.
The kobold hits you with a +0 dagger.
The endoplasm hits you but does no damage.
You block the quokka's attack.
You take 3 damage, and have 15/24 hp.
You completely miss the quokka. The kobold closely misses you.
The endoplasm hits you but does no damage.
The quokka bites you but does no damage.
The kobold hits you but does no damage. The endoplasm closely misses you.
You hit the quokka. The quokka barely misses you.
The kobold hits you but does no damage. The endoplasm freezes you.
You are frozen.
The quokka barely misses you.
You take 3 damage, and have 12/24 hp.
You are too injured to fight recklessly!
You miss the quokka.
The quokka bites you but does no damage.
The endoplasm hits you but does no damage.
The kobold hits you but does no damage.
You hit the quokka. The quokka completely misses you.
The kobold hits you with a +0 dagger.
The endoplasm jiggles.
The endoplasm freezes you.
You are frozen.
* * * LOW HITPOINT WARNING * * *
The quokka barely misses you. The kobold barely misses you.
The endoplasm hits you.
* * * LOW HITPOINT WARNING * * *
You take 6 damage, and have 6/24 hp.
MASSIVE DAMAGE!!
You completely miss the quokka. The quokka barely misses you.
The kobold hits you with a +0 dagger.
* * * LOW HITPOINT WARNING * * *
The endoplasm freezes you.
You are frozen.
* * * LOW HITPOINT WARNING * * *
You take 4 damage, and have 2/24 hp.
You slash the quokka!
You kill the quokka!
The endoplasm freezes you.
You are frozen.
You die...

# ?.....# .#.#
#.....# ..#.
#.....# ...
#.....# #..#..!..#
###..#.....#
#.....K....# #
#@....# (#.#
#J..?.##
.....##......# .
#....###..#.#
#J##.#.#....# ..
#........####
###.##.#.##.....#
...........#.....#
####..#.#.##.....#


You could see an endoplasm and a kobold.

Vanquished Creatures
  2 ball pythons (D:1)
  A giant cockroach (D:1)
  3 goblins (D:1)
  A hobgoblin (D:1)
  3 jackals (D:1)
  2 quokkas (D:1)
  2 kobolds (D:1)
14 creatures vanquished.

Notes
Turn   | Place    | Note
-------+----------+-------------------------------------------
     0 | D:1      | sokol815 the Human Fighter began the quest for the Orb.
     0 | D:1      | Reached XP level 1. HP: 18/18 MP: 1/1
   200 | D:1      | Reached XP level 2. HP: 24/24 MP: 2/2
   421 | D:1      | HP: 6/24 [endoplasm (1)]
   422 | D:1      | HP: 2/24 [frozen (1)]
   423 | D:1      | Frozen to death by an endoplasm

Illustrated notes

Levels and vault maps discovered:
D:1:      ncdulo_lavacross, layout_basic, minmay_pentomino_u4

Action                   || total
-------------------------++-------
Melee: Long sword        ||    44
Throw: Stone             ||     1
Armor: Scale mail        ||    32
Dodge: Dodged            ||    31
Block: Buckler           ||     7

Table legend: (Time is in decaauts)
 A = Elapsed time spent in this place.
 B = Non-inter-level travel time spent in this place.
 C = Inter-level travel time spent in this place.
 D = Time resting spent in this place.
 E = Time spent auto-exploring this place.
 F = Levels seen in this place.
 G = Mean time per level.
                   A        B        C        D        E       F      G
               +--------+--------+--------+--------+--------+-----+--------+
         Total |    437 |    437 |      0 |      0 |    332 |   1 |  437.0 |
       Dungeon |    437 |    437 |      0 |      0 |    332 |   1 |  437.0 |
               +--------+--------+--------+--------+--------+-----+--------+

Top non-repeatable levels by time:
     D:1: 437 daAuts

Table legend:
 A = Kills in this place as a percentage of kills in entire the game.
 B = Kills by you in this place as a percentage of kills by you in the entire game.
 C = Kills by friends in this place as a percentage of kills by friends in the entire game.
 D = Other kills in this place as a percentage of other kills in the entire game.
 E = Experience gained in this place as a percentage of experience gained in the entire game.
 F = Experience gained in this place divided by the number of levels of this place that you have seen.
                   A       B       C       D       E      F
               +-------+-------+-------+-------+-------+----------------------
         Total | 100.0 | 100.0 |   N/A |   N/A | 100.0 |  26.0
       Dungeon | 100.0 | 100.0 |   N/A |   N/A | 100.0 |  26.0
               +-------+-------+-------+-------+-------+----------------------
